Map: Catalyst LE

Players

uThermal - Winner!

  • Race: Terran Terran
  • Spawn Location: 5:00

Hurricane

  • Race: Protoss Protoss
  • Spawn Location: 11:00

Event: IEM Season 12 - Katowice

VOD

Have the link to the VOD?

Description

Time

  • Played on: March 1, 2018, 12:04 p.m.
  • Length: 5:42

All games in this series

Show
View Real Time Build Order
Export as new Build Order

uThermal Terran - Winner!

Build Orders:  

Get SALT Encoding   

  12  0:01  SCV  
  13  0:13  SCV  
  14  0:17  Supply Depot  
  14  0:25  SCV  
  15  0:38  SCV  
  15  0:40  Barracks  
  16  0:45  Refinery  
  16  0:50  SCV  
  17  1:03  SCV  
  18  1:15  SCV  
  19  1:27  Orbital Command, Marine  
  20  1:42  Command Center  
  20  1:46  Barracks Reactor  
  20  1:53  SCV  
  21  2:01  Supply Depot  
  21  2:05  SCV  
  22  2:10  Factory  
  22  2:15  Refinery  
  22  2:17  SCV  
  23  2:23  Marine  
  23  2:24  Marine  
  23  2:29  SCV  
  26  2:40  Marine  
  26  2:42  Factory, Marine  
  29  2:54  Orbital Command  
  28  3:00  Cyclone  
  28  3:03  Marine  
  32  3:06  Marine  
  32  3:08  SCV  
  34  3:21  SCV  
  34  3:22  Marine  
  34  3:23  Marine  
  34  3:26  Cyclone  
  40  3:30  Supply Depot  
  40  3:31  SCV  
  41  3:37  Cyclone  
  41  3:39  Marine  
  45  3:41  Marine  
  46  3:49  Supply Depot  
  46  3:57  Marine  
  46  3:58  Cyclone  
  46  3:59  Marine  
  49  4:05  SCV x2  
  51  4:13  Cyclone  
  51  4:15  Marine  
  55  4:17  Marine  
  55  4:23  Supply Depot  
  56  4:33  Marine  
  56  4:35  Cyclone  
  59  4:45  Bunker  
  55  4:54  Cyclone  
  55  4:57  Marine  
  60  5:00  SCV x2  
  60  5:01  Marine  
  60  5:05  Supply Depot  
  62  5:08  Cyclone  
  62  5:12  SCV x2  
  67  5:15  Marine  
  67  5:18  Supply Depot  
  67  5:19  Marine  
  69  5:24  SCV  
  69  5:26  SCV  
Show
View Real Time Build Order
Export as new Build Order

Hurricane Protoss 

Build Orders: 1 Gate Expand, Oracle Opening 

Get SALT Encoding   

  12  0:00  Probe  
  13  0:12  Probe  
  14  0:17  Pylon  
  14  0:24  Probe (Chrono Boost)  
  15  0:37  Probe (Chrono Boost), Gateway  
  16  0:44  Probe (Chrono Boost)  
  16  0:46  Assimilator  
  17  0:51  Probe  
  18  1:03  Probe  
  19  1:15  Probe  
  20  1:22  Nexus  
  20  1:32  Cybernetics Core  
  20  1:35  Probe  
  21  1:40  Assimilator  
  21  1:47  Probe  
  21  1:51  Pylon  
  22  1:59  Probe  
  23  2:08  Adept (Chrono Boost)  
  23  2:11  Probe  
  26  2:16  Stargate  
  26  2:24  Probe (Chrono Boost)  
  26  2:25  Warp Gate  
  26  2:28  Adept (Chrono Boost)  
  27  2:35  Probe (Chrono Boost)  
  31  2:42  Probe (Chrono Boost)  
  32  2:44  Probe (Chrono Boost)  
  32  2:48  Probe (Chrono Boost)  
  32  2:49  Probe (Chrono Boost)  
  32  2:50  Adept  
  36  3:00  Probe, Oracle (Chrono Boost)  
  36  3:01  Probe  
  41  3:12  Probe, Pylon  
  42  3:16  Probe  
  43  3:24  Probe  
  44  3:28  Probe  
  44  3:30  Oracle  
  48  3:36  Probe  
  49  3:42  Probe  
  49  3:45  Nexus  
  49  3:47  Pylon  
  50  3:51  Probe  
  51  4:05  Gateway  
  51  4:06  Gateway  
  51  4:09  Robotics Facility  
  51  4:11  Probe x2  
  51  4:14  Assimilator  
  53  4:19  Oracle (Chrono Boost), Assimilator  
  53  4:23  Shield Battery  
  56  4:27  Probe x2  
  56  4:30  Stalker  
  50  4:57  Void Ray (Chrono Boost)  
  51  5:00  Zealot  
  53  5:08  Pylon x3  
  52  5:26  Stalker x3  

Tags
 
Add a new tag
Caveats
  • Supply blocks, unpowered buildings, or Contaminate may cause inaccurate times.
  • Supply counts are checked every 10 seconds.